 Dungeon Crawl Stone Soup version 0.31-a0-198-g2ad674f65e (webtiles) character file.

Game seed: 8915603233774210975

128 Dylgear the Shield-Bearer (level 5, 0/63 HPs)
             Began as a Formicid Fighter on June 25, 2023.
             Succumbed to their own poison gas
             ... on level 3 of the Dungeon.
             The game lasted 00:11:42 (2374 turns).

Dylgear the Shield-Bearer (Formicid Fighter)        Turns: 2374, Time: 00:11:43

Health: 0/63       AC: 22    Str: 21    XL:     5   Next: 34%
Magic:  5/5        EV:  2    Int:  7    God:
Gold:   83         SH:  5    Dex: 15    Spells: 4/4 levels left

rFire   . . .        a - +0 war axe
rCold   . . .        c - +0 buckler
rNeg    . . .        b - melded +1 scale mail
rPois   +            (helmet unavailable)
rElec   .            (cloak currently unavailable)
rCorr   .            (gloves currently unavailable)
SInv    .            (boots currently unavailable)
Will    +....        (no amulet)
Stlth   +            (no ring)
HPRegen 0.30/turn    (no ring)
MPRegen 0.09/turn

%: no passive effects
@: mighty, lethally poisoned (0 -> -5), tree-form, enlightened
A: stationary, stasis, torment immunity, boosted hp, permanent stasis, dig
shafts and tunnels, (antennae 3), four strong arms
a: no special abilities


You were on level 3 of the Dungeon.
You were a tree.
You visited 1 branch of the dungeon, and saw 3 of its levels.

You collected 83 gold pieces.

Inventory:

Hand Weapons
 a - a +0 war axe (weapon)
 e - a +0 mace
Missiles
 j - 2 throwing nets
Armour
 b - a +1 scale mail (melded)
 c - a +0 buckler (worn)
Scrolls
 g - a scroll of enchant armour


   Skills:
 + Level 4.0 Fighting
 * Level 3.6 Axes
 * Level 4.1 Armour
 + Level 0.2 Stealth
 * Level 4.6 Shields


You had 4 spell levels left.
You didn't know any spells.
Your spell library was empty.

Dungeon Overview and Level Annotations

Branches:
Dungeon (3/15)

Altars:
The Shining One

Shops:
D:1 =


Innate Abilities, Weirdness & Mutations

You are a tree.
Your roots penetrate the ground, keeping you stationary.
You cannot be teleported.
You are immune to unholy pain and torment.
Your maximum health is greatly increased.
Your equipment is partially melded.
You cannot be hasted, slowed, berserked, paralysed or teleported.
You can dig through walls and to a lower floor.
((You have a pair of large antennae on your head. (SInv)))
Your four strong arms can wield two-handed weapons with a shield.


Message History

You bump into the rock wall.
The orc wizard hits you but does no damage.
You closely miss the orc wizard. The orc wizard casts a spell at you.
The magic dart hits you but does no damage.
You bump into the rock wall.
The orc wizard gestures at you while chanting.
The magic dart hits you!
You are engulfed in poison gas.
You are poisoned.
You feel very sick.
You bump into the rock wall.
You are engulfed in poison gas.
You are more poisoned.
* * * LOW HITPOINT WARNING * * *
You feel very sick. The orc wizard casts a spell at you.
You resist with some effort.
The rat twitches its whiskers.
It was a potion of lignification.
You turn into a tree.
Your +1 scale mail melds into your body.
Your roots penetrate the ground.
You feel less confused.
* * * LOW HITPOINT WARNING * * *
You feel very sick.
The orc wizard hits you but does no damage.
It was a potion of enlightenment.
Your roots keep you in place.
* * * LOW HITPOINT WARNING * * *
You feel very sick.
The orc wizard hits you but does no damage.
You feel very mighty all of a sudden.
* * * LOW HITPOINT WARNING * * *
You feel sick.
The orc wizard hits you but does no damage.
You barely miss the orc wizard.
* * * LOW HITPOINT WARNING * * *
You feel very sick.
The orc wizard hits you but does no damage.
The orc wizard casts a spell at you.
The magic dart hits you but does no damage.
You barely miss the orc wizard.
You die...

.o. #.# #r# ##.# #☼#
#..# #o# #####..# #°#
#....... { #.#
####.###..# #)#
#...†.....# #.####o##
#.##.##...# #☼☼○°♣○°#
#.##.##...# #.####○.#
#...†.....#
..####..####..#.##..##
#.....○○○.....#.##..#
#######☼○...........#
#######....[..#
#########


You could see an orc wizard, an orc and a rat.

Vanquished Creatures
  An orc priest (D:3)
  3 gnolls (D:2)
  3 worms
  A dart slug (D:1)
  An orc (D:3)
  6 bats
  4 endoplasms
  5 giant cockroaches
  3 goblins
  11 hobgoblins
  2 quokkas (D:3)
  6 ball pythons
  A frilled lizard (D:3)
  4 kobolds
  2 rats
53 creatures vanquished.

Notes
Turn   | Place    | Note
-------+----------+-------------------------------------------
     0 | D:1      | Dylgear the Formicid Fighter began the quest for the Orb.
     0 | D:1      | Reached XP level 1. HP: 18/18 MP: 1/1
    99 | D:1      | Reached XP level 2. HP: 24/24 MP: 2/2
   122 | D:1      | Found Xyren's Jewellery Emporium.
   623 | D:2      | Reached XP level 3. HP: 29/29 MP: 3/3
  1079 | D:2      | Reached XP level 4. HP: 28/37 MP: 4/4
  2084 | D:3      | Found a glowing golden altar of the Shining One.
  2360 | D:3      | Reached XP level 5. HP: 31/42 MP: 5/5
  2373 | D:3      | HP: 2/63 [poisoned by you (poison gas)]
  2374 | D:3      | Succumbed to their own poison gas

Illustrated notes

Levels and vault maps discovered:
D:1:      wander_arrival_estate, layout_basic, serial_shops, shop
D:2:      layout_basic, serial_aquarium, aquarium_bridge_square
          [aquarium_subvault_bridge, aquarium_subvault_balcony,
          aquarium_subvault_wall, aquarium_subvault_wall], aquarium_window_fake,
          aquarium_window_corner, aquarium_window_2, aquarium_view_2f,
          aquarium_pool_side, minmay_octomino_c4
D:3:      layout_loops_ring, tso_oasis_becter

Skill      XL: |  1  2  3  4  5 |
---------------+----------------+-----
Axes           | 3 |  3.6
Armour         | 4 |  4.1
Fighting       | 4 |  4.0
Stealth        | |  0.2
Shields        | |  4.6

Action                     |  1- 3 |  4- 6 || total
---------------------------+-------+-------++-------
  Melee: War axe           |    77 |    63 ||   140
    Use: Scroll            |     3 |     3 ||     6
         Potion            |       |     3 ||     3
 Armour: Scale mail        |    42 |    21 ||    63
         Skin              |       |     5 ||     5
  Dodge: Dodged            |    35 |    24 ||    59
  Block: Buckler           |    21 |    14 ||    35

Table legend: (Time is in decaauts)
 A = Elapsed time spent in this place.
 B = Non-inter-level travel time spent in this place.
 C = Inter-level travel time spent in this place.
 D = Time resting spent in this place.
 E = Time spent auto-exploring this place.
 F = Levels seen in this place.
 G = Mean time per level.
                   A        B        C        D        E       F      G
               +--------+--------+--------+--------+--------+-----+--------+
         Total |   2429 |   2314 |    115 |    212 |    898 |   3 |  809.7 |
       Dungeon |   2429 |   2314 |    115 |    212 |    898 |   3 |  809.7 |
               +--------+--------+--------+--------+--------+-----+--------+

Top non-repeatable levels by time:
     D:2: 1408 daAuts
     D:1: 609 daAuts
     D:3: 411 daAuts
